 Dungeon Crawl Stone Soup version 0.26-a0-812-g31a745ddcd (webtiles) character file.

Game seed: 14170711174769956512

58 inmateoo the Skirmisher (level 4, -5/29 HPs)
             Began as a Gargoyle Fighter on Nov 18, 2020.
             Slain by a gnoll
             ... wielding a +0 halberd
              (10 damage)
             ... on level 2 of the Dungeon.
             The game lasted 00:01:59 (1350 turns).

inmateoo the Skirmisher (Gargoyle Fighter)          Turns: 1350, Time: 00:02:00

Health: -5/29      AC: 10    Str: 21    XL:     4   Next: 1%
Magic:  4/4        EV:  7    Int:  8    God:
Gold:   75         SH:  9    Dex:  9    Spells: 3/3 levels left

rFire    . . .     SeeInvis .   a - +0 flail
rCold    . . .     Faith    .   c - +0 kite shield
rNeg     + . .     Spirit   .   b - +0 scale mail
rPois    ∞         Reflect  .   (no helmet)
rElec    +         Harm     .   (no cloak)
rCorr    .         Rampage  .   (no gloves)
MR       .....                  (no boots)
Stlth    ..........             (no amulet)
HPRegen  0.09/turn              (no ring)
MPRegen  0.09/turn              (no ring)

@: no status effects
A: negative energy resistance 1, electricity resistance, unbreathing,
petrification resistance, rot immunity, AC +3
a: no special abilities


You were on level 2 of the Dungeon.
You visited 1 branch of the dungeon, and saw 2 of its levels.

You collected 75 gold pieces.

Inventory:

Hand Weapons
 a - a +0 flail (weapon)
Armour
 b - a +0 scale mail (worn)
 c - a +0 kite shield (worn)
Jewellery
 f - an uncursed ring of flight {unknown}
 n - an uncursed amulet of regeneration {unknown}
Scrolls
 e - a scroll of noise {unknown}
 g - a scroll of fog {unknown}
 l - a scroll of enchant weapon {unknown}
 m - a scroll of identify {unknown}
 p - a scroll of enchant armour {unknown}
Potions
 d - a potion of might
 h - a potion of cancellation {unknown}
 i - 2 potions of experience {unknown}
 j - a potion of flight {unknown}
 k - a potion of lignification {unknown}
 o - a potion of mutation {unknown}


   Skills:
 + Level 3.7 Fighting
 * Level 3.0 Maces & Flails
 + Level 3.7 Armour
 + Level 3.7 Shields


You had 3 spell levels left.
You didn't know any spells.
Your spell library was empty.

Dungeon Overview and Level Annotations

Branches:
Dungeon (2/15)

Altars:
Uskayaw


Innate Abilities, Weirdness & Mutations

You are resistant to torment.
Your stone body is resilient. (AC +3)
You are immune to poison.
You resist negative energy. (rN+)
You are resistant to electric shocks. (rElec)
You can survive without breathing.
You are immune to petrification.
You are immune to rotting.


Message History

You barely miss the gnoll.
The gnoll is severely wounded.
You block the gnoll's attack.
You are too injured to fight recklessly!
You barely miss the gnoll.
The gnoll is severely wounded.
The gnoll barely misses you. The gnoll hits you with a +0 halberd!
* * * LOW HITPOINT WARNING * * *
Your scale mail prevents you from hitting the gnoll.
The gnoll is severely wounded.
You block the gnoll's attack.
Unknown command.
You hit the gnoll.
The gnoll is severely wounded.
You block the gnoll's attack.
Unknown command.
Your shield prevents you from hitting the gnoll.
The gnoll is severely wounded.
The gnoll hits you with a +0 halberd!
You die...

#.#..g# #...#
#...# #...#######
##........#
#...._...#
#####........#
#...'....g...+
###.#.....@..####
#.#......<.††.#
#.#........##+#
#.#............
#.#.............
#+#..............
................
..............###
......#########


You could see a gnoll.

Vanquished Creatures
  An adder (D:1)
  A worm (D:2)
  2 leopard geckos (D:1)
  4 giant cockroaches (D:1)
  5 goblins (D:1)
  8 hobgoblins
  4 jackals (D:1)
  3 bats
  A frilled lizard (D:1)
  5 kobolds (D:1)
  5 rats
39 creatures vanquished.

Notes
Turn   | Place    | Note
-------+----------+-------------------------------------------
     0 | D:1      | inmateoo the Gargoyle Fighter began the quest for the Orb.
     0 | D:1      | Reached XP level 1. HP: 14/14 MP: 1/1
   118 | D:1      | Reached XP level 2. HP: 11/19 MP: 2/2
   637 | D:1      | Reached XP level 3. HP: 21/23 MP: 3/3
  1157 | D:2      | Found a hide-covered altar of Uskayaw.
  1307 | D:1      | Reached XP level 4. HP: 26/29 MP: 4/4
  1350 | D:2      | Slain by a gnoll

Illustrated notes

Levels and vault maps discovered:
D:1:      dpeg_arrival_tiny_k, layout_basic
D:2:      layout_basic, overflow_temple_1_default, lemuel_round_altar

Skill      XL: |  1  2  3 |
---------------+----------+-----
Maces & Flails | 3 |  3.0
Fighting       | |  3.7
Armour         | |  3.7
Shields        | |  3.7

Action                   |  1- 3 |  4- 6 || total
-------------------------+-------+-------++-------
Melee: Flail             |   167 |     8 ||   175
Armor: Scale mail        |    88 |       ||    88
Dodge: Dodged            |    59 |     2 ||    61
Block: Kite shield       |   100 |     4 ||   104

Table legend: (Time is in decaauts)
 A = Elapsed time spent in this place.
 B = Non-inter-level travel time spent in this place.
 C = Inter-level travel time spent in this place.
 D = Time resting spent in this place.
 E = Time spent auto-exploring this place.
 F = Levels seen in this place.
 G = Mean time per level.
                   A        B        C        D        E       F      G
               +--------+--------+--------+--------+--------+-----+--------+
         Total |   1413 |   1392 |     21 |    396 |    569 |   2 |  706.5 |
       Dungeon |   1413 |   1392 |     21 |    396 |    569 |   2 |  706.5 |
               +--------+--------+--------+--------+--------+-----+--------+

Top non-repeatable levels by time:
     D:1: 1250 daAuts
     D:2: 163 daAuts
